 Dungeon Crawl Stone Soup version 0.24-a0-264-gf46a388 (webtiles) character file.

Game seed: 5954230421106106888

36 mopl the Bolt Thrower (level 3, -3/29 HPs)
             Began as a Formicid Hunter on Apr 19, 2019.
             Slain by an adder (5 damage)
             ... on level 1 of the Dungeon.
             The game lasted 00:01:13 (1270 turns).

mopl the Bolt Thrower (Formicid Hunter)             Turns: 1270, Time: 00:01:14

Health: -3/29      AC:  3    Str: 17    XL:     3   Next: 57%
Magic:  3/3        EV: 12    Int: 10    God:
Gold:   23         SH:  0    Dex: 11    Spells: 2/2 levels left

rFire    . . .     SeeInvis +   b - +0 short sword
rCold    . . .     Gourm    .   (no shield)
rNeg     . . .     Faith    .   c - +0 leather armour
rPois    .         Spirit   .   (helmet unavailable)
rElec    .         Reflect  .   (no cloak)
rCorr    .         Harm     .   (no gloves)
MR       .....                  (no boots)
Stlth    +.........             (no amulet)
HPRegen  0.09/turn              (no ring)
MPRegen  0.08/turn              (no ring)

@: no status effects
A: permanent stasis, dig shafts and tunnels, four strong arms, antennae 3
a: Dig, Shaft Self


You were on level 1 of the Dungeon.
You were very hungry.

You visited 1 branch of the dungeon, and saw 2 of its levels.

You collected 23 gold pieces.

Inventory:

Hand Weapons
 a - a +1 hand crossbow
 b - a +0 short sword (weapon)
Missiles
 d - 20 bolts
 h - 4 javelins (quivered)
Armour
 c - a +0 leather armour (worn)
Scrolls
 e - 3 scrolls of teleportation {unknown}
 g - a scroll of magic mapping {unknown}
 j - a scroll of enchant weapon {unknown}
Potions
 k - 2 potions of mutation {unknown}
Comestibles
 f - 5 rations
 i - a chunk of flesh


   Skills:
 + Level 3.1 Fighting
 + Level 4.6 Crossbows
 - Level 1.7 Dodging
 - Level 1.2 Stealth


You had 2 spell levels left.
You didn't know any spells.
Your spell library was empty.

Dungeon Overview and Level Annotations

Branches:
Dungeon (2/15)

Altars:


Innate Abilities, Weirdness & Mutations

You cannot be hasted, slowed, berserked, paralysed or teleported.
You can dig through walls and to a lower floor.
Your four strong arms can wield two-handed weapons with a shield.
You have a pair of large antennae on your head. (SInv)


Message History

The goblin hits you.
* * * LOW HITPOINT WARNING * * *
You puncture the goblin!
You kill the goblin!
The adder barely misses you.
You hit the adder.
The adder is heavily wounded.
The adder bites you but does no damage.
You hit the adder.
The adder is severely wounded.
The adder bites you.
* * * LOW HITPOINT WARNING * * *
The adder closely misses you.
You miss the adder.
The adder is severely wounded.
The adder misses you.
You hit the adder but do no damage.
The adder is severely wounded.
The adder bites you.
You die...

## #.#.#.....#.......)....# ###
#.......#.#.##########.###
..########.#.....#.# #....
..................>##### #.###
......###..............######....
......# #....###.#.#.........#.##
......# #....# #g#.#.........#.#.
#.....###....# #S#.#.....(...#.#.
#............# #@#.###'#######...
#....#####+#.# #.#.##.......####.
###+## #.#.###.#.##.......# #. #
#.# #.#.#.....##.......# #.
###.### #.#.#.#.#####'###### #.
......####.#...........# #####.
.............#.######### #.....
......######.#.#############..##.
......######.##...........##..##.


You could see a gnoll and an adder.

Vanquished Creatures
  A gnoll (D:1)
  An adder (D:1)
  A giant cockroach (D:1)
  3 goblins (D:1)
  4 hobgoblins (D:1)
  A jackal (D:1)
  2 kobolds (D:1)
  A bat (D:1)
  A frilled lizard (D:2)
  3 rats (D:1)
18 creatures vanquished.

Notes
Turn   | Place    | Note
-------+----------+-------------------------------------------
     0 | D:1      | mopl the Formicid Hunter began the quest for the Orb.
     0 | D:1      | Reached XP level 1. HP: 16/16 MP: 1/1
   117 | D:1      | Reached XP level 2. HP: 21/23 MP: 2/2
   137 | D:1      | HP: 1/23 [gnoll/+0 spear (4)]
   550 | D:1      | Reached XP level 3. HP: 23/28 MP: 3/3
  1000 | D:1      | Reached skill level 3 in Fighting
  1270 | D:1      | Slain by an adder

Levels and vault maps discovered:
D:1:      lemuel_arrival_hallway, layout_basic
D:2:      layout_rooms, good_gods_mini_temple, minmay_misc_feat_five,
          grunt_ministairs_4

Skill      XL: |  1  2  3 |
---------------+----------+-----
Fighting       | 3 |  3.1
Crossbows      | |  4.6
Dodging        | |  1.7
Stealth        | |  1.2

Action                   || total
-------------------------++-------
Melee: Short sword       ||    82
 Fire: Hand crossbow     ||     2
 Stab: Sleeping          ||     1
Armor: Leather armour    ||    22
Dodge: Dodged            ||    67

Table legend:
 A = Non-vault XP
 B = Vault XP
 C = Vault XP percentage of total XP
 D = Non-vault monster count
 E = Vault monster count
 F = Vault count percentage of total count
                 A         B        C        D         E       F
            +---------+---------+-------+---------+---------+-------
      Total |      52 |       0 |   0.0 |      18 |       0 |   0.0
            +---------+---------+-------+---------+---------+-------
        D:1 |      51 |       0 |   0.0 |      17 |       0 |   0.0
        D:2 |       1 |       0 |   0.0 |       1 |       0 |   0.0
            +---------+---------+-------+---------+---------+-------
